Cogmind - Beta 11.1 @@@ ROGUE MODE // 2022.06.15 @ 21:56:08 Player: Demise Result: Destroyed by G-34 Mercenary with Small Laser Performance ------------- Evolutions (0) 0 Regions Visited (1) 200 Robots Destroyed (13) 65 Value Destroyed (167) 167 Prototype IDs (1) 20 Alien Tech Used (0) 0 Bonus (0) 0 TOTAL SCORE: 452 Bonus ------- None Cogmind --------- Core Integrity 0/250 Matter 246/300 Energy 90/100 System Corruption 0% Temperature Warning (353) Movement Core (100) Ox1 Location -10/Materials Parts ------- > --- POWER (1) -------- (None) > --- PROPULSION (2) --- (None) > --- UTILITY (2) ------ Small Storage Unit > --- WEAPON (2) ------- (None) > --- INVENTORY (8) ---- Wheel Wheel Wheel Wheel Improved Terrain Scanner Advanced Beam Cannon Advanced Beam Cannon Advanced Beam Cannon Peak State ------------ > --- POWER ------------ Light Ion Engine > --- PROPULSION ------- Wheel Wheel > --- UTILITY ---------- Small Storage Unit Seismic Detector > --- WEAPON ----------- Advanced Beam Cannon Advanced Beam Cannon > --- INVENTORY -------- Wheel Wheel Wheel Wheel Improved Terrain Scanner Advanced Beam Cannon Light Assault Rifle Light Assault Rifle [Rating: 12] Favorites ----------- Power Light Ion Engine Engine Light Ion Engine Propulsion Wheel Wheel Wheel Utility Small Storage Unit Device Seismic Detector Storage Small Storage Unit Weapon Light Assault Rifle Energy Gun Medium Laser Energy Cannon Advanced Beam Cannon Ballistic Gun Light Assault Rifle Build | -11 -10 ------- Run | Scr Mat Slots Evolved . | . . Power . | . . Propulsion . | . . Utility . | . . Weapon . | . . Parts Attached 20 | 11 9 Power 1 | 1 . Engine 1 | 1 . Core . | . . Reactor . | . . Propulsion 5 | 4 1 Treads . | . . Leg . | . . Wheel 5 | 4 1 Hover . | . . Flight . | . . Utility 5 | 3 2 Device 4 | 2 2 Storage 1 | 1 . Processor . | . . Hackware . | . . Protection . | . . Artifact . | . . Weapon 9 | 3 6 Energy Gun 1 | 1 . Energy Cannon 3 | . 3 Ballistic Gun 5 | 2 3 Ballistic Cannon . | . . Launcher . | . . Special Weapon . | . . Impact Weapon . | . . Slashing Weapon . | . . Piercing Weapon . | . . Special Melee Weapon . | . . Unidentified Prototypes 1 | . 1 Parts Lost 7 | . 7 Power 1 | . 1 Propulsion 2 | . 2 Utility 2 | . 2 Weapon 2 | . 2 Highest Loss Streak 7 | . 7 To Critical Strikes . | . . Average Slot Usage (%) 95 | . 95 Engine 12 | . 12 Wheel 26 | . 26 Device 14 | . 14 Storage 14 | . 14 Energy Cannon 15 | . 15 Ballistic Gun 10 | . 10 Naked Turns . | . . Heaviest Build 17 | 11 17 Greatest Support 20 | 20 20 Greatest Overweight (x) 1 | 1 1 Average Overweight (x) . | . . Largest Inventory Capacity 8 | 8 8 Average Capacity 7 | 6 8 Most Carried 8 | 8 8 Average Carried 6 | 5 7 Final Capacity 8 | 8 8 Final Carried 8 | 8 8 Class Distribution -------------------- 100% | Mutant Dominant Class ---------------- Mutant | -10/Materials Resources | -11 -10 ----------- Run | Scr Mat Matter Collected 376 | 362 14 Remotely . | . . Salvage Created 478 | 252 226 Parts 30 | 19 11 Haulers Intercepted . | . . Recyclers Shooed . | . . Parts Field Recycled . | . . Retrieved Matter . | . . Parts Self-Destructed . | . . Prevented . | . . Kills | -11 -10 ------- Run | Scr Mat Combat Hostiles Destroyed 3 | . 3 Guns 2 | . 2 Cannons 1 | . 1 Classes Destroyed 5 | 3 2 Worker 2 | 2 . Tunneler 5 | 5 . Recycler 2 | 1 1 Watcher 1 | . 1 Grunt 3 | . 3 Best Kill Streak 5 | 5 4 Combat Bots Only 3 | . 3 Max Kills in Single Turn 1 | 1 1 Gunslinging . | . . Exploded . | . . Melee . | . . Uniques/NPCs Destroyed . | . . Combat | -11 -10 -------- Run | Scr Mat Damage Taken 748 | . 748 Core 253 | . 253 Absorbed by Shields . | . . Core Remaining (%) 100 | 100 . Volleys Fired 43 | 27 16 Largest 2 | 2 2 Hottest 136 | 40 136 Shots Fired 84 | 52 32 Gun 68 | 52 16 Cannon 16 | . 16 Launcher . | . . Special . | . . Kinetic 68 | 52 16 Thermal 16 | . 16 Explosive . | . . Electromagnetic . | . . Robot Hit Streak 9 | 9 8 Robot Miss Streak 3 | 3 3 Penetration Max . | . . Secondary Targets 1 | . 1 Max Gunslinging Chain 1 | . 1 Shots Hit Robots 53 | 32 21 Core Hits 22 | 14 8 Critical Kills . | . . Critical Parts Destroyed . | . . Critical Strikes . | . . Melee Attacks . | . . Impact . | . . Slashing . | . . Piercing . | . . Sneak Attacks . | . . Combat Hostiles . | . . Follow-up Attacks . | . . Damage Inflicted 579 | 254 325 Guns 339 | 254 85 Cannons 240 | . 240 Explosions . | . . Melee . | . . Ramming . | . . Kinetic 339 | 254 85 Thermal 240 | . 240 Explosive . | . . Electromagnetic . | . . Impact . | . . Slashing . | . . Piercing . | . . Highest Corruption . | . . Average Corruption . | . . Corruption Purged . | . . Corruption Blocked . | . . Overload Shots . | . . Overflow Damage . | . . Projectiles . | . . Explosions . | . . Melee . | . . Knockbacks . | . . Impact . | . . Kinetic . | . . Secondary . | . . Self-Inflicted Damage . | . . Shots . | . . Rammed 1 | . 1 Targets Rammed 1 | . 1 Kicked . | . . Crushed . | . . Highest Temperature 392 | . 392 Average Temperature 217 | . 217 Received Heat Transfer 408 | . 408 Effects 3 | . 3 Energy Bleed 2 | . 2 Damage (minor) 1 | . 1 Siege Activations . | . . Robots Corrupted . | . . Combat Hostiles . | . . Parts Fried . | . . Impact Corruptions . | . . Robots Melted . | . . Combat Hostiles . | . . Parts Melted 1 | . 1 Heat Transferred 407 | . 407 Parts Sabotaged . | . . Parts Stolen . | . . Parts Stripped . | . . Power Chain Reactions . | . . Missiles Intercepted . | . . Alert | -11 -10 ------- Run | Scr Mat Peak Influence 208 | 40 208 Initial 26 | . 26 Average 64 | 21 109 Maximum Alert Level 1 | . 1 Low Security (%) 98 | 100 97 Level 1 1 | . 2 Level 2 . | . . Level 3 . | . . Level 4 . | . . Level 5 . | . . High Security . | . . Max Security . | . . Squads Dispatched 3 | . 3 Investigation 3 | . 3 Extermination . | . . Reinforcement . | . . Assault . | . . Garrison . | . . Intercept . | . . Searches Triggered . | . . Construction Impeded . | . . Haulers Reinforced . | . . Active Scanning Responses . | . . Cargo Convoy Interrupts . | . . Stealth | -11 -10 --------- Run | Scr Mat Distress Signals . | . . Communications Jammed . | . . Distress Signals . | . . Times Spotted 11 | . 11 Peak Tracking Total 8 | . 8 Tactical Retreats . | . . Traps | -11 -10 ------- Run | Scr Mat Traps Triggered . | . . Indirectly . | . . Trap Hack Attempts . | . . Triggered . | . . Disarmed . | . . Reprogrammed . | . . Reused . | . . Traps Extracted . | . . Installed . | . . Triggered . | . . Machines | -11 -10 ---------- Run | Scr Mat Machines Disabled . | . . Max in Single Turn . | . . Machines Sabotaged . | . . Garrisons Compromised . | . . Overloaded Fab Kills . | . . Hacking | -11 -10 --------- Run | Scr Mat Machines Accessed 4 | . 4 Terminals 3 | . 3 Fabricators . | . . Repair Stations . | . . Recycling Units 1 | . 1 Scanalyzers . | . . Garrison Access . | . . Total Hacks 12 | . 12 Successful 8 | . 8 Failed 4 | . 4 Catastrophic 1 | . 1 Database Lockouts . | . . Manual 11 | . 11 Terminals 10 | . 10 Fabricators . | . . Repair Stations . | . . Recycling Units 2 | . 2 Scanalyzers . | . . Garrison Access . | . . Terminal Hacks 3 | . 3 Robot Analysis 2 | . 2 Terminal Index 1 | . 1 Fabricator Hacks . | . . Repair Station Hacks . | . . Recycling Unit Hacks 1 | . 1 Retrieve Components 1 | . 1 Scanalyzer . | . . Garrison Access Hacks . | . . Unauthorized Hacks 4 | . 4 Terminals 3 | . 3 Botnet 2 | . 2 Operators 1 | . 1 Fabricators . | . . Repair Stations . | . . Recycling Units 1 | . 1 Tunnel 1 | . 1 Scanalyzers . | . . Garrison Access . | . . Data Cores Recovered . | . . Used . | . . Hacking Detections 3 | . 3 Full Trace Events 3 | . 3 Feedback Events . | . . Feedback Blocked . | . . Robot Schematics Acquired . | . . Robots Built . | . . Authchips . | . . Time . | . . Total Robot Build Rating . | . . Part Schematics Acquired . | . . Parts Built . | . . Authchips . | . . Time . | . . Total Part Build Rating . | . . Parts Repaired . | . . Time . | . . Parts Recycled . | . . Recycled Matter . | . . Retrieved Matter . | . . Retrieved Components . | . . Parts Scanalyzed . | . . Part Schematics Acquired . | . . Parts Damaged . | . . Bothacking | -11 -10 ------------ Run | Scr Mat Used RIF Installer . | . . Robots Hacked . | . . Non-combat . | . . Combat . | . . Robot Hacks Applied . | . . Relay Couplers Released . | . . Fabnet Peak Effective % . | . . Robots Rewired . | . . Allies Hacked . | . . Hacks Repelled . | . . Allies | -11 -10 -------- Run | Scr Mat Total Allies . | . . Largest Group . | . . Highest-Rated Group . | . . Highest-Rated Ally . | . . Total Orders . | . . Ally Attacks . | . . Total Damage . | . . Kills . | . . Allies Corrupted . | . . Allies Melted . | . . Intel | -11 -10 ------- Run | Scr Mat Robot Analysis Total 2 | . 2 Derelict Logs Recovered . | . . Drone Launches . | . . Drone Recoveries . | . . Exploration | -11 -10 ------------- Run | Scr Mat Turns Passed 349 | 176 173 Spaces Moved 216 | 101 115 Core 31 | 28 3 Treads . | . . Legs . | . . Wheels 185 | 73 112 Hover . | . . Flight . | . . Fastest Speed 50 | 50 80 Average Speed 79 | 77 80 Slowest Speed 100 | 95 100 Overloaded Moves . | . . Propulsion Burnouts . | . . Robots Hopped . | . . Cave-ins Triggered . | . . Exploration Rate (%) 13 | 4 22 Regions Visited 1 Branch Regions . Pre-discovered Areas 1 | . 1 Known Exits Taken . | . . Unknown Exits Taken 1 | 1 . Scrap Searched . | . . Spaces Dug . | . . Terrain Destroyed . | . . Melee . | . . Projectile . | . . AOE . | . . Terrain Rammed . | . . Walls Destroyed . | . . Machines Disabled . | . . Actions | -11 -10 --------- Run | Scr Mat Total 328 | 161 167 Wait 15 | . 15 Move 215 | 100 115 Hop . | . . Pick Up 17 | 15 2 Fast Attach 11 | 5 6 Attach 3 | 3 . Detach 3 | 1 2 Swap 6 | 3 3 Drop 14 | 7 7 Fire 43 | 27 16 Melee . | . . Ram 1 | . 1 Kick . | . . Crush . | . . Escape Stasis . | . . Rewire . | . . Trap . | . . Miscellaneous . | . . Route ------- -11/Scrapyard -10/Materials History --------- Turn | Location | Event 10 | -11/Scrapyard | Discovered new exit (range 16) 177 | -11/Scrapyard | Entered Materials 345 | -10/Materials | Build established: Mutant 345 | -10/Materials | Core integrity fell below 50% 349 | -10/Materials | Core integrity fell below 20% 350 | -10/Materials | Destroyed by G-34 Mercenary with Small Laser Last Messages --------------- squad. 00278_ Acquired 14 matter. 00295_ R-06 Scavenger destroyed. 00302_ Dropped Seismic Detector. 00309_ Acquired Seismic Detector. 00311_ Heat Sink melted. 00311_ G-34 Mercenary destroyed. 00321_ Slammed into G-34 Mercenary. 00328_ Overheating: Energy bleed (-20). 00328_ G-34 Mercenary destroyed. 00332_ Overheating: Energy bleed (-16). 00334_ Lgt. Ion Engine destroyed. 00336_ G-34 Mercenary destroyed. 00336_ Switching to secondary target: G-34 Mercenary. 00337_ Overheating: Wheel damaged (-2). 00340_ Wheel destroyed. 00342_ Seismic Detector destroyed. 00344_ Lgt. Assault Rifle destroyed. 00347_ Acquired Heat Sink. 00350_ Heat Sink destroyed. Map ----- +----------------------------------------------------+ | ????????????????????????????????????????????? | | ????????????????????????????????????????????? | | ????????????????????????????????????????????? | | ????????????????????????????????????????????? | | ????????????????????????????????????????????? | | ????????????????????????????????????????????? | | ????????????????????????????????????????????? | | ????????????????????????????????????????????? | | ????????????????????????????????????????????? | | ????????????????????????????????????????????? | | ????????????????????????????????????????????? | | ????????????????????????????????????????????? | | ????????????????????????????????????????????? | | ????????????????????????????????????????????? | | ????????????????????????###############?????? | | ????????????????????????# #?????? | | ????????????????????????# """ #?????? | | ????????????????????????# """" T" #?????? | | ????????????????????????# """" """ #?????? | | ????????????????????????# """" ! #?????? | | ????????????????????????# #?????? | | ????????????????????#######+###+#########???? | | ????????????????????# g +! # #???? | | ????????????????????# ggg# # #???? | | ????????????????????# %!g # + #???? | | ????????????????????# g@%= # # "T" #???? | | ???????????????##########/#### # """ #???? | | ??????????????? *%% # #???? | | ??????????????? [!= ########???? | | ??????????????? #???######## | | ?????????????????########## ####???# !| # | | ????????????????????####### #??????# !| # | | ????????????????????# """ # #??????# || # | | ????????????????????# "Y" # #??????# # | | ????????????????????# # ######## "" # | | ????????????????????# """ # u # "" # | | ????????????????????# """ # # T" # | | ????????????????????# """ + + "" # | | ????????????????????# # # "" # | | ????????????????????# """ ## # # | | ????????????????????# """ ##!!] ######### | | ????????????????????# """ ##!]] # ?? | | ????????????????????# ##!] [[# ?? | | ????????????????????# ! ## [[# """"" ? | | ?????????????????????####### # """"" ? | | ????????????????????????#### # """"" # | | ????????????????????????# + # | | ????????????????????????# # """"" # | | ????????????????????????# ####### # """"" ? | | ????????????????????????# #?????# # """"" ? | +----------------------------------------------------+ Best States ------------- Heat Dissipation 35 Energy Generation 10 Energy Capacity 125 Matter Stores 300 Matter Capacity 300 Sight Range 16 Terrain Scan Density 10 Evasion (%) 50 Item Schematics ----------------- None Robot Schematics ------------------ None Fabricated ------------ Nothing Alien Tech Used ----------------- None Achievements -------------- None Challenges ------------ None Game ------ Seed GravmagCorruptionMapper Manual? 0 Play Time 00:07:43 Cumulative 601.3 hours Start 2022.06.15 @ 21:51:22 End 2022.06.15 @ 21:56:08 Sessions 1 Manual Loads 0 Difficulty Rogue Special Mode None Game No. 482 Rogue 482 Adventurer 0 Explorer 0 Win Type - Total 5 Types 4/0/0/1/0/0/0/0/0 Lore% 72 Gallery% 84 Achievement% 66 Wizard Run 0 Options --------- ASCII 0 Keyboard 1 Movement Numpad Keybinds 0 Fullscreen 1 Font 12/Terminus Map View 83x54 Tactical HUD 1 Map Filters NONE Filters NONE Steam 1 RUN: b3a363bc-e902-42cb-b6d4-a36b545bf0c9